 Dungeon Crawl Stone Soup version 0.30-a0-862-g1aabd4f9c5 (webtiles) character file.

Game seed: 14472637621266303519

11 qeuew the Conjurer (level 2, 0/22 HPs)
             Began as a Demonspawn Reaver on Mar 9, 2023.
             Slain by an adder (3 damage)
             ... on level 2 of the Dungeon.
             The game lasted 00:01:01 (831 turns).

qeuew the Conjurer (Demonspawn Reaver)               Turns: 831, Time: 00:01:02

Health: 0/22       AC:  3    Str: 12    XL:     2   Next: 17%
Magic:  5/5        EV: 11    Int: 14    God:
Gold:   78         SH:  0    Dex: 11    Spells: 4/5 levels left

rFire   . . .      SeeInvis .    a - +1 hand axe
rCold   . . .      Faith    .    (no shield)
rNeg    + . .      Spirit   .    b - +0 leather armour
rPois   .          Reflect  .    (helmet restricted)
rElec   .          Rampage  .    (no cloak)
rCorr   .                        (no gloves)
Will    .....                    (no boots)
Stlth   +                        (no amulet)
HPRegen 0.23/turn                h - ring of positive energy
MPRegen 0.09/turn                (no ring)

@: no status effects
A: horns 1
a: no special abilities


You were on level 2 of the Dungeon.
You visited 1 branch of the dungeon, and saw 2 of its levels.

You collected 78 gold pieces.

Inventory:

Hand Weapons
 a - a +1 hand axe (weapon)
Armour
 b - a +0 leather armour (worn)
Jewellery
 h - a ring of positive energy (left hand)
Scrolls
 d - a scroll of blinking
 g - 2 scrolls of enchant weapon
Potions
 f - a potion of might


   Skills:
 + Level 2.1 Fighting
 + Level 2.8 Axes
 + Level 0.4 Armour
 + Level 1.9 Dodging
 + Level 2.1 Spellcasting
 + Level 3.1 Conjurations


You had 4 spell levels left.
You knew the following spells:

 Your Spells              Type           Power      Damage    Failure   Level
a - Kiss of Death         Conj/Necr      20%        2d7       16%         1

Your spell library contained the following spells:

 Spells                   Type           Power      Damage    Failure   Level
 Momentum Strike          Conj/Tloc      10%        3d8       24%         2
 Hailstorm                Conj/Ice       5%         3d4       43%         3
 Portal Projectile        Hex/Tloc       2%         N/A       65%         3
 Tukima's Dance           Hex            1%         N/A       65%         3
 Blade Hands              Tmut           0%         N/A       100%        5


Dungeon Overview and Level Annotations

Branches:
Dungeon (2/15)

Altars:

Shops:
D:1 :


Innate Abilities, Weirdness & Mutations

You have a pair of small horns on your head.


Message History

You closely miss the adder. The adder bites you.
You are poisoned.
The adder poisons you!
You are too injured to fight recklessly!
You are too injured to fight recklessly!
You are too injured to fight recklessly!
You are too injured to fight recklessly!
You are too injured to fight recklessly!
You are too injured to fight recklessly!
You are too injured to fight recklessly!
You are too injured to fight recklessly!
You are too injured to fight recklessly!
You are too injured to fight recklessly!
You are too injured to fight recklessly!
You are too injured to fight recklessly!
You hit the adder. Your headbutt misses the adder.
The adder is lightly wounded.
You feel sick. The adder bites you. The adder barely misses you.
You hit the adder.
The adder is heavily wounded.
You feel sick. The adder barely misses you.
You miss the adder. Your headbutt misses the adder.
The adder is heavily wounded.
You feel sick. The adder barely misses you. The adder bites you.
* * * LOW HITPOINT WARNING * * *
You miss the adder.
You headbutt the adder, but do no damage.
The adder is heavily wounded.
You feel sick. The adder bites you.
* * * LOW HITPOINT WARNING * * *
Okay, then.
You miss the adder.
The adder is heavily wounded.
You feel sick.
You are no longer poisoned.
The adder closely misses you. x2
You closely miss the adder. Your headbutt misses the adder.
The adder is heavily wounded.
The adder bites you.
You die...

.. #. #.## #..#
#####.#####
#.........# #..
#.....)...#.....
#.....†.@S....#
#....<..........
##..............
#..#######....##
#..# ...... ##.
#.#.#. # .#.# .#
#


You could see an adder.

Vanquished Creatures
  A bat (D:1)
  4 hobgoblins
  A quokka (D:1)
  A frilled lizard (D:1)
  2 kobolds
  A rat (D:1)
10 creatures vanquished.

Notes
Turn   | Place    | Note
-------+----------+-------------------------------------------
     0 | D:1      | qeuew the Demonspawn Reaver began the quest for the Orb.
     0 | D:1      | Reached XP level 1. HP: 16/16 MP: 3/3
   152 | D:1      | Found Idghuaco's Book Shoppe.
   479 | D:1      | Gained mutation: You have a pair of small horns on your
                  | head. [demonic ancestry]
   479 | D:1      | Reached XP level 2. HP: 6/22 MP: 5/5
   831 | D:2      | Slain by an adder

Illustrated notes

Levels and vault maps discovered:
D:1:      dpeg_arrival_lava_altar, layout_loops_cross, serial_shops,
          nicolae_shop_advertising_works [nicolae_subvault_shop_adworks]
D:2:      layout_rooms, basic_altar, minmay_unequal, uniq_terence, uniq_sigmund

Action                     || total
---------------------------++-------
  Melee: Hand axe          ||    62
         Punch             ||     2
         Headbutt          ||     1
    Use: Scroll            ||     4
   Stab: Sleeping          ||     1
 Armour: Leather armour    ||    12
  Dodge: Dodged            ||    41

Table legend: (Time is in decaauts)
 A = Elapsed time spent in this place.
 B = Non-inter-level travel time spent in this place.
 C = Inter-level travel time spent in this place.
 D = Time resting spent in this place.
 E = Time spent auto-exploring this place.
 F = Levels seen in this place.
 G = Mean time per level.
                   A        B        C        D        E       F      G
               +--------+--------+--------+--------+--------+-----+--------+
         Total |    840 |    832 |      8 |      0 |    711 |   2 |  420.0 |
       Dungeon |    840 |    832 |      8 |      0 |    711 |   2 |  420.0 |
               +--------+--------+--------+--------+--------+-----+--------+

Top non-repeatable levels by time:
     D:1: 787 daAuts
     D:2: 53 daAuts
